 Dungeon Crawl Stone Soup version 0.31.0-2-g5a2aebc5c2 (webtiles) character file.

Game seed: 13156793994669411684

154800 Aviak the Warlock (level 17, -1/133 HPs)
             Began as a Gnoll Conjurer on Jan 20, 2024.
             Was a High Priest of Vehumet.
             Killed from afar by a will-o-the-wisp (24 damage)
             ... with a foxfire
             ... on level 1 of the Swamp.
             The game lasted 01:31:08 (29179 turns).

Aviak the Warlock (Gnoll Conjurer)                 Turns: 29179, Time: 01:31:08

Health: -1/133     AC: 13    Str:  8    XL:     17   Next: 40%
Magic:  15/33      EV: 16    Int: 24    God:    Vehumet [*****.]
Gold:   1129       SH:  7    Dex: 11    Spells: 2/41 levels left

rFire   . . .        I - +2 trident (heavy)
rCold   + + +        J - +0 buckler
rNeg    + + .        y - +2 robe "Wimos" {rF- rC+++ rN++ Will-}
rPois   +            o - +0 helmet
rElec   .            M - +0 cloak
rCorr   .            E - +0 pair of gloves
SInv    .            L - +2 pair of boots
Will    .....        S - amulet of magic regeneration
Stlth   +++++        F - ring of protection from fire
HPRegen 0.42/turn    P - ring of poison resistance
MPRegen 0.63/turn

%: no passive effects
@: no status effects
A: fangs 1, strong nose, distributed training
a: Renounce Religion


You were on level 1 of the Swamp.
You worshipped Vehumet.
Vehumet was extremely pleased with you.
You visited 5 branches of the dungeon, and saw 24 of its levels.
You also visited: Ossuary and Bailey.

You collected 2701 gold pieces.
You spent 1572 gold pieces at shops.

Inventory:

Hand Weapons
 I - a +2 heavy trident (weapon)
 N - a +0 broad axe
Armour
 o - a +0 helmet (worn)
 y - the +2 robe "Wimos" (worn) {rF- rC+++ rN++ Will-}
   (You found it on level 4 of the Dungeon)

   rF-:       It makes you vulnerable to fire.
   rC+++:     It renders you almost immune to cold.
   rN++:      It greatly protects you from negative energy.
   Will-:     It decreases your willpower.
 E - a +0 pair of gloves (worn)
 J - a +0 buckler (worn)
 L - a +2 pair of boots (worn)
 M - a +0 cloak (worn)
Jewellery
 A - a +4 ring of protection
 C - a ring of protection from cold
 F - a ring of protection from fire (left hand)
 H - a +6 ring of dexterity
 P - a ring of poison resistance (right hand)
 S - an amulet of magic regeneration (around neck)
Talismans
 Q - a maw talisman
Wands
 k - a wand of flame (37)
 p - a wand of iceblast (13)
 u - a wand of quicksilver (25)
 U - a wand of mindburst (8)
 V - a wand of digging (6)
 Y - a wand of charming (10)
Scrolls
 d - 3 scrolls of enchant armour
 g - 4 scrolls of fear
 i - 2 scrolls of identify
 j - a scroll of revelation
 m - 4 scrolls of enchant weapon
 n - 2 scrolls of poison {unknown}
 q - 4 scrolls of fog
 s - 3 scrolls of summoning {!r}
 t - 3 scrolls of teleportation
 x - 3 scrolls of blinking
 z - 4 scrolls of amnesia
 B - 2 scrolls of vulnerability {!r}
 O - 2 scrolls of immolation {unknown}
 T - a scroll of brand weapon {unknown}
 Z - 2 scrolls of torment {unknown}
Potions
 a - 5 potions of ambrosia
 b - 4 potions of magic
 c - 3 potions of curing
 e - 2 potions of brilliance
 f - 4 potions of haste
 h - 2 potions of heal wounds
 l - 4 potions of attraction
 r - 6 potions of mutation {!q}
 v - 4 potions of lignification {!q}
 w - 6 potions of enlightenment
 G - 2 potions of invisibility
 K - 8 potions of might
 R - 4 potions of berserk rage
 X - a potion of resistance


   Skills:
 + Level 12.0 Fighting
 + Level 12.0 Short Blades
 + Level 12.0 Long Blades
 + Level 12.0 Axes
 + Level 12.0 Maces & Flails
 + Level 12.0 Polearms
 + Level 12.0 Staves
 + Level 12.0 Ranged Weapons
 + Level 12.0 Throwing
 + Level 12.0 Armour
 + Level 12.8 Dodging
 + Level 12.7 Stealth
 + Level 12.0 Shields
 + Level 12.0 Unarmed Combat
 + Level 12.9 Spellcasting
 + Level 12.3 Conjurations
 + Level 10.1 Hexes
 + Level 10.1 Summonings
 + Level 10.1 Necromancy
 + Level 10.1 Translocations
 + Level 10.1 Fire Magic
 + Level 10.1 Ice Magic
 + Level 10.1 Air Magic
 + Level 10.1 Earth Magic
 + Level 10.1 Alchemy
 + Level 13.0 Invocations
 + Level 12.0 Evocations
 + Level 11.0 Shapeshifting


You had 2 spell levels left.
You knew the following spells:

 Your Spells              Type           Power      Damage    Failure   Level
a - Plasma Beam           Fire/Air       29%        2x1d42    3%          6
b - Searing Ray           Conj           100%       2d8       1%          2
c - Kiss of Death         Conj/Necr      100%       2d13      1%          1
d - Frozen Ramparts       Ice            100%       1d16      1%          3
e - Fulminant Prism       Conj/Alch      31%        3d15      1%          4
f - Ozocubu's Armour      Ice            59%        N/A       1%          3
g - Dispel Undead         Necr           59%        3d21      1%          4
q - Scorch                Fire           100%       2d9       1%          2
v - Arcjolt               Conj/Air       31%        1d41      1%          5
w - Sticky Flame          Fire/Alch      59%        2d10      1%          4
x - Irradiate             Conj/Alch      31%        3d22      1%          5

Your spell library contained the following spells:

 Spells                   Type           Power      Damage    Failure   Level
 Ozocubu's Refrigeration  Ice            29%        4d14      17%         7
 Apportation              Tloc           100%       N/A       1%          1
 Freeze                   Ice            100%       1d10      1%          1
 Magic Dart               Conj           100%       1d8       1%          1
 Necrotise                Necr           100%       1d9       1%          1
 Sting                    Conj/Alch      100%       1d9       1%          1
 Summon Small Mammal      Summ           100%       N/A       1%          1
 Call Imp                 Summ           100%       N/A       1%          2
 Lesser Beckoning         Tloc           100%       N/A       1%          2
 Sublimation of Blood     Necr           59%        N/A       1%          2
 Confusing Touch          Hex            59%        N/A       1%          3
 Fugue of the Fallen      Necr           59%        N/A       1%          3
 Gell's Gravitas          Tloc           59%        N/A       1%          3
 Hailstorm                Conj/Ice       62%        3d11      1%          3
 Teleport Other           Tloc           59%        N/A       1%          3
 Tukima's Dance           Hex            59%        N/A       1%          3
 Animate Dead             Necr           59%        N/A       1%          4
 Iskenderun's Mystic Bla  Conj/Tloc      62%        2d13      1%          4
 Manifold Assault         Tloc           59%        N/A       1%          4
 Passage of Golubria      Tloc           59%        N/A       1%          4
 Petrify                  Alch/Erth      59%        N/A       1%          4
 Summon Blazeheart Golem  Fire/Summ      59%        N/A       1%          4
 Vhi's Electric Charge    Tloc/Air       100%       N/A       1%          4
 Alistair's Intoxication  Alch           39%        N/A       1%          5
 Borgnjor's Vile Clutch   Necr/Erth      29%        N/A       1%          5
 Silence                  Hex/Air        29%        N/A       1%          5
 Yara's Violent Unravell  Hex/Alch       29%        3d12      1%          5
 Eringya's Noxious Bog    Alch           29%        4d6       3%          6
 Orb of Destruction       Conj           32%        9d10      7%          7
 Spellforged Servitor     Conj/Summ      31%        N/A       11%         7
 Haunt                    Necr/Summ      29%        N/A       54%         7
 Summon Hydra             Summ           29%        N/A       54%         7
 Lehudib's Crystal Spear  Conj/Erth      31%        10d8      58%         8
 Maxwell's Capacitive Co  Air            29%        ∞         73%         8
 Infestation              Necr           29%        N/A       99%         8


Dungeon Overview and Level Annotations

Branches:
Dungeon (15/15) Temple (1/1) D:4 Lair (5/5) D:10 Swamp (1/4) Lair:3 Snake (0/4) Lair:2 Slime (0/5) Lair:5 Orc (2/2) D:10 Elf (0/3) Orc:2 Vaults (0/5) D:13 D:14 Depths (0/4) D:15 Ossuary (visited) Bailey (visited)

Altars:
Ashenzari
Cheibriados
Dithmenos
Elyvilon
Fedhas
Gozag
Hepliaklqana
Kikubaaqudgha
Makhleb
Nemelex Xobeh
Okawaru
Qazlal
Ru
Sif Muna
Trog
Uskayaw
Vehumet
Wu Jian
Xom
Yredelemnul
Zin
The Shining One
Jiyva

Shops:
D:2 *   D:4 ?   D:7 ((   D:8 =*   D:11 :   D:12 *=[   Orc:1 *   Orc:2 !:*(

Portals:
Pandemonium: Orc:2
Trove: D:11 (show abyssal rune of Zot)

Annotations:
D:8 3 runed translucent doors, mohammadb5305's ghost, novice OpSu
D:9 3 runed translucent doors, mohammadb5305's ghost, journeyman FeCj
Lair:2 2 transporters


Innate Abilities, Weirdness & Mutations

You have very sharp teeth.
Your uncanny sense of smell can sniff out nearby items.
Your experience applies equally to all skills.


Message History

The will-o-the-wisp resists.
The will-o-the-wisp is heavily damaged.
You hear a shout! x3
A spriggan rider comes into view. It is wielding a +0 spear. x3
The will-o-the-wisp gestures.
The will-o-the-wisp conjures some marshlight! 2 foxfires come into view.
Casting: Plasma Beam (dangerous; 3% risk of failure)
Confirm with . or Enter, or press ? or * to list all spells.
Casting: Plasma Beam (dangerous; 3% risk of failure)
Press: ? - help, Dir - look around, f - activate
Okay, then.
Casting: Plasma Beam (dangerous; 3% risk of failure)
Confirm with . or Enter, or press ? or * to list all spells.
Electricity surges outward!
The foxfire is struck by an electric surge!
The foxfire is lightly damaged.
The will-o-the-wisp resists.
The will-o-the-wisp is struck by an electric surge!
The will-o-the-wisp is almost destroyed.
The foxfire is struck by an electric surge.
The foxfire is lightly damaged.
The foxfire hits you! The foxfire hits you!!
The will-o-the-wisp gestures.
The will-o-the-wisp conjures some marshlight! 2 foxfires come into view.
Unknown command.
Casting: Arcjolt (mildly dangerous; 1% risk of failure)
Confirm with . or Enter, or press ? or * to list all spells.
Electricity surges outward!
The will-o-the-wisp resists.
The will-o-the-wisp is struck by an electric surge.
The will-o-the-wisp is almost destroyed.
The foxfire is struck by an electric surge!!
The foxfire is lightly damaged.
The foxfire is struck by an electric surge!
The foxfire is lightly damaged.
The foxfire hits you!!
* * * LOW HITPOINT WARNING * * *
The foxfire hits you!!
You die...

>....# ..
....## ..♣
♣~...###...
∆♣♣♣~.~.......
§~~~~~~~...♣
♣♣.~~~§~~.~♣
♣§[~§~~~~~.~
♣~@~~~~~~.
♣~♣v§~~§~~~ ♣
♣v§~~~...
§§§~~~.~♣
§§~~~~.♣♣
~..i~ii.♣
.~~♣....♣
...♣♣.~§~.


You could see 3 spriggan riders and a will-o-the-wisp.

Vanquished Creatures
  Kirke (D:15)
  2 orc warlords
  Nessos (D:13)
  An eleionoma (Swamp:1)
  An ettin (Orc:1)
  Fannar (D:12)
  8 hydras
  2 demonspawn (Orc:2)
  A catoblepas (Lair:5)
  2 ogre magi (D:15)
  8 centaur warriors
  15 two-headed ogres
  A deep troll shaman (Lair:5)
  3 tengu warriors
  Urug (D:14)
  6 orc high priests (Orc:2)
  13 death yaks
  A storm dragon zombie (D:15)
  Sonja (Lair:1)
  8 skeletal warriors
  A skyshark (Lair:3)
  A flayed ghost (D:15)
  An arcanist (D:13)
  A lindwurm (Lair:5)
  10 orc knights
  31 ugly things
  A necromancer (D:15)
  4 deep elf pyromancers
  5 cyclopes
  4 manticores
  8 orc sorcerers
  A meliai (shapeshifter) (D:14)
  4 kobold blastminers
  6 black mambas
  16 elephants
  Joseph (D:10)
  3 unseen horrors
  A gargoyle (D:12)
  12 cane toads
  4 rime drakes
  A tengu conjurer (D:13)
  3 efreet
  A yaktaur (D:15)
  An ice devil (Orc:2)
  3 freezing wraiths
  5 komodo dragons
  9 trolls
  2 hornets
  Prince Ribbit (D:7)
  A polar bear (Lair:5)
  2 hellwings (Orc:2)
  18 blink frogs
  25 dream sheep
  A vampire (D:12)
  A water elemental (D:12)
  48 yaks
  4 wyverns
  5 shadows
  2 wraiths (D:12)
  Grum (D:11)
  5 hogs (D:15)
  5 basilisks
  A warg (Orc:2)
  16 humans
  2 steam dragons
  11 vampire mosquitoes
  A swamp worm (Swamp:1)
  A chaos spawn (Orc:2)
  2 nagas (Lair:2)
  2 acid dragons
  13 water moccasins
  8 black bears
  A sky beast (D:6)
  42 orc warriors
  A crocodile (shapeshifter) (D:12)
  11 ogres
  25 wolves
  6 centaurs
  4 kobold brigands
  A weeping skull (Ossuary)
  A gnoll sergeant (D:10)
  7 scorpions
  11 bullfrogs
  6 water moccasin zombies (Ossuary)
  2 wights
  3 jellies (D:6)
  12 killer bees (D:9)
  2 howler monkeys (D:7)
  2 electric eels
  4 hounds
  29 orc priests
  2 gnoll boudas (D:5)
  2 sleepcaps
  Terence (D:2)
  An iguana (D:5)
  23 orc wizards
  A bullfrog simulacrum (Ossuary)
  2 crocodile zombies (Ossuary)
  2 mummies (Ossuary)
  6 adders
  23 gnolls
  A shadow imp (D:6)
  A ribbon worm zombie (D:5)
  A white imp (D:5)
  2 ufetubi (D:4)
  3 adder zombies (Ossuary)
  6 dart slugs
  3 ribbon worms
  75 orcs
  4 bats (D:1)
  8 endoplasms
  A giant cockroach (D:1)
  10 gnoll zombies (Ossuary)
  15 goblins
  12 hobgoblins
  4 jackals (D:2)
  19 kobolds
  4 quokkas
  5 ball pythons
  6 frilled lizards
  3 jackal zombies (Ossuary)
  6 orc zombies (Ossuary)
  3 rats
818 creatures vanquished.

Vanquished Creatures (collateral kills)
  A cane toad (Lair:3)
  A wolf (Lair:5)
2 creatures vanquished.

Vanquished Creatures (others)
  A two-headed ogre (D:9)
  A sphinx skeleton (D:15)
  A wyvern (D:9)
  An orc warrior (D:9)
  A centaur (D:9)
  A howler monkey (D:9)
  10 foxfires (Swamp:1)
  21 fulminant prisms
37 creatures vanquished.

Grand Total: 857 creatures vanquished

Notes
Turn   | Place    | Note
-------+----------+-------------------------------------------
     0 | D:1      | Aviak the Gnoll Conjurer began the quest for the Orb.
     0 | D:1      | Reached XP level 1. HP: 13/13 MP: 6/6
   179 | D:1      | Reached XP level 2. HP: 19/19 MP: 4/7
   595 | D:1      | Reached skill level 5 in Spellcasting
   595 | D:1      | Reached XP level 3. HP: 25/25 MP: 6/9
   686 | D:1      | Learned a level 2 spell: Searing Ray
   711 | D:1      | Found a faded altar of an unknown god.
  1116 | D:2      | Reached skill level 1 in Invocations
  1255 | D:2      | Noticed Terence
  1264 | D:2      | Reached skill level 1 in Fighting
  1264 | D:2      | Reached skill level 1 in Short Blades
  1264 | D:2      | Reached skill level 1 in Long Blades
  1264 | D:2      | Reached skill level 1 in Axes
  1264 | D:2      | Reached skill level 1 in Maces & Flails
  1264 | D:2      | Reached skill level 1 in Polearms
  1264 | D:2      | Reached skill level 1 in Staves
  1264 | D:2      | Reached skill level 1 in Ranged Weapons
  1264 | D:2      | Reached skill level 1 in Throwing
  1264 | D:2      | Reached skill level 1 in Armour
  1264 | D:2      | Reached skill level 1 in Shields
  1264 | D:2      | Reached skill level 1 in Unarmed Combat
  1264 | D:2      | Reached skill level 1 in Evocations
  1265 | D:2      | Killed Terence
  1266 | D:2      | Reached skill level 1 in Shapeshifting
  1266 | D:2      | Reached XP level 4. HP: 30/32 MP: 4/11
  1369 | D:2      | Found Heuw's Assorted Antiques.
  1373 | D:2      | Bought a cyan potion for 22 gold pieces
  1373 | D:2      | Bought a glowing dark potion for 22 gold pieces
  1452 | D:2      | Reached skill level 1 in Hexes
  1452 | D:2      | Reached skill level 1 in Summonings
  1452 | D:2      | Reached skill level 1 in Necromancy
  1452 | D:2      | Reached skill level 1 in Translocations
  1452 | D:2      | Reached skill level 1 in Fire Magic
  1452 | D:2      | Reached skill level 1 in Ice Magic
  1452 | D:2      | Reached skill level 1 in Air Magic
  1452 | D:2      | Reached skill level 1 in Earth Magic
  1452 | D:2      | Reached skill level 1 in Alchemy
  2444 | D:3      | Found a sparkling altar of Nemelex Xobeh.
  2935 | D:4      | Reached XP level 5. HP: 25/37 MP: 8/12
  3130 | D:4      | Found a staircase to the Ecumenical Temple.
  3136 | D:4      | Reached skill level 2 in Invocations
  3146 | Temple   | Entered the Ecumenical Temple
  3151 | Temple   | Became a worshipper of Vehumet
  3246 | D:4      | Reached XP level 6. HP: 41/44 MP: 4/14
  3336 | D:4      | Found an opulent altar of Gozag.
  3383 | D:4      | Identified the +2 robe "Wimos" {rF- rC+++ rN++ Will-}
  3572 | D:4      | Reached skill level 5 in Dodging
  3645 | D:4      | Found Reovva's Magic Scroll Shop.
  3659 | D:4      | Bought a scroll of teleportation for 39 gold pieces
  3659 | D:4      | Bought a scroll of revelation for 97 gold pieces
  3714 | D:5      | Entered Level 5 of the Dungeon
  3839 | D:5      | Found a sand-covered staircase.
  3869 | Ossuary  | Entered an ossuary
  3946 | Ossuary  | Reached XP level 7. HP: 50/50 MP: 9/15
  3946 | Ossuary  | Reached * piety under Vehumet
  3946 | Ossuary  | Offered knowledge of Kiss of Death by Vehumet.
  3963 | Ossuary  | Learned a level 1 spell: Kiss of Death
  4074 | Ossuary  | Reached skill level 5 in Stealth
  4161 | Ossuary  | Reached skill level 3 in Invocations
  4286 | Ossuary  | Reached XP level 8. HP: 30/58 MP: 2/16
  4631 | D:5      | Reached ** piety under Vehumet
  4631 | D:5      | Offered knowledge of Sandblast by Vehumet.
  4966 | D:5      | Learned a level 3 spell: Fugue of the Fallen
  4971 | D:5      | Learned a level 4 spell: Fulminant Prism
  4975 | D:5      | Learned a level 3 spell: Ozocubu's Armour
  5119 | D:5      | Found a broken altar of Ashenzari.
  5135 | D:5      | Found an ancient bone altar of Kikubaaqudgha.
  5623 | D:5      | Reached skill level 4 in Invocations
  5862 | D:6      | Offered knowledge of Scorch by Vehumet.
  5886 | D:6      | Learned a level 2 spell: Scorch
  5979 | D:6      | Reached XP level 9. HP: 61/65 MP: 11/18
  6227 | D:6      | Reached *** piety under Vehumet
  7092 | D:7      | Offered knowledge of Sticky Flame by Vehumet.
  7101 | D:7      | Learned a level 4 spell: Sticky Flame
  7302 | D:7      | Reached skill level 5 in Invocations
  7332 | D:7      | Found Rumyatt's Weapon Shoppe.
  7376 | D:7      | Found a shimmering blue altar of Sif Muna.
  7376 | D:7      | Found a hide-covered altar of Uskayaw.
  7465 | D:7      | Noticed Prince Ribbit
  7467 | D:7      | Found a snail-covered altar of Cheibriados.
  7474 | D:7      | Killed Prince Ribbit
  7605 | D:7      | Found Puat's Weapon Emporium.
  7975 | D:8      | Found a flagged portal.
  7998 | Bailey   | Entered a bailey
  8091 | Bailey   | Reached **** piety under Vehumet
  8120 | Bailey   | Offered knowledge of Volatile Blastmotes by Vehumet.
  8203 | Bailey   | Reached skill level 5 in Fighting
  8203 | Bailey   | Reached skill level 5 in Short Blades
  8203 | Bailey   | Reached skill level 5 in Long Blades
  8203 | Bailey   | Reached skill level 5 in Axes
  8203 | Bailey   | Reached skill level 5 in Maces & Flails
  8203 | Bailey   | Reached skill level 5 in Polearms
  8203 | Bailey   | Reached skill level 5 in Staves
  8203 | Bailey   | Reached skill level 5 in Ranged Weapons
  8203 | Bailey   | Reached skill level 5 in Throwing
  8203 | Bailey   | Reached skill level 5 in Armour
  8203 | Bailey   | Reached skill level 5 in Shields
  8203 | Bailey   | Reached skill level 5 in Unarmed Combat
  8203 | Bailey   | Reached skill level 5 in Evocations
  8203 | Bailey   | Reached XP level 10. HP: 70/74 MP: 14/20
  8307 | Bailey   | Noticed an orc warlord
  8359 | Bailey   | Noticed an orc knight
  8370 | Bailey   | Killed an orc knight
  8541 | Bailey   | Killed an orc warlord
  8542 | Bailey   | Reached skill level 6 in Invocations
  8542 | Bailey   | Reached skill level 5 in Shapeshifting
  8557 | Bailey   | Reached skill level 5 in Hexes
  8557 | Bailey   | Reached skill level 5 in Summonings
  8557 | Bailey   | Reached skill level 5 in Necromancy
  8557 | Bailey   | Reached skill level 5 in Translocations
  8557 | Bailey   | Reached skill level 5 in Fire Magic
  8557 | Bailey   | Reached skill level 5 in Ice Magic
  8557 | Bailey   | Reached skill level 5 in Air Magic
  8557 | Bailey   | Reached skill level 5 in Earth Magic
  8557 | Bailey   | Reached skill level 5 in Alchemy
  8557 | Bailey   | Reached skill level 7 in Invocations
  8557 | Bailey   | Reached XP level 11. HP: 50/83 MP: 7/23
  8558 | Bailey   | Reached skill level 8 in Invocations
  8558 | Bailey   | Reached XP level 12. HP: 55/91 MP: 7/25
  8905 | D:8      | You fall into a shaft and drop 2 floors!
  8905 | D:10     | Entered Level 10 of the Dungeon
  8961 | D:10     | Found a staircase to the Orcish Mines.
  9063 | D:11     | Noticed a two-headed ogre
  9071 | D:11     | Killed a two-headed ogre
  9171 | D:11     | Noticed a two-headed ogre
  9353 | D:12     | Noticed a two-headed ogre
  9362 | D:12     | Killed a two-headed ogre
  9564 | D:14     | Noticed a two-headed ogre
  9564 | D:14     | Noticed a centaur warrior
  9564 | D:14     | Noticed Urug
  9564 | D:14     | Found a gate to the Vaults.
  9596 | D:13     | Noticed a tengu warrior
  9604 | D:13     | Killed a tengu warrior
  9607 | D:13     | Reached ***** piety under Vehumet
  9608 | D:13     | Reached XP level 13. HP: 48/98 MP: 7/26
  9727 | D:13     | Offered knowledge of Eringya's Noxious Bog by Vehumet.
  9828 | D:14     | Found a radiant altar of Vehumet.
  9861 | D:15     | Entered Level 15 of the Dungeon
  9914 | D:15     | Found a staircase to the Depths.
  9935 | D:15     | Reached skill level 9 in Invocations
  9939 | D:15     | Reached skill level 10 in Conjurations
 10668 | D:9      | Found a runed translucent gate.
 10668 | D:9      | Found a runed translucent gate.
 10668 | D:9      | Found a runed translucent gate.
 10699 | D:8      | Found Kuiphiec's Jewellery Emporium.
 10751 | D:8      | Found Xuigha Piwk's Changing Room.
 10839 | D:8      | Bought a book of Transmutation for 308 gold pieces
 10845 | D:8      | Learned a level 5 spell: Irradiate
 11227 | D:8      | Found a runed translucent gate.
 11227 | D:8      | Found a runed translucent gate.
 11227 | D:8      | Found a runed translucent gate.
 11252 | D:8      | Reached skill level 10 in Spellcasting
 11311 | D:8      | Found a runed translucent gate.
 11311 | D:8      | Found a runed translucent gate.
 11386 | D:8      | Found a runed translucent gate.
 11386 | D:8      | Noticed an entropy weaver
 11386 | D:8      | Noticed mohammadb5305's ghost (novice OpSu)
 12167 | D:9      | Found a shimmering altar of Xom.
 12587 | D:9      | Found a blossoming altar of Fedhas.
 12810 | D:9      | Found a basalt altar of Yredelemnul.
 12898 | D:9      | Reached skill level 10 in Dodging
 13140 | D:9      | Found a runed translucent gate.
 13140 | D:9      | Found a runed translucent gate.
 13144 | D:9      | Found a runed translucent gate.
 13144 | D:9      | Noticed mohammadb5305's ghost (journeyman FeCj)
 13158 | D:9      | Noticed an entropy weaver
 13159 | D:9      | a spriggan changed into an entropy weaver
 13159 | D:9      | Noticed an entropy weaver (shapeshifter)
 13166 | D:9      | an entropy weaver changed into a salamander
 13251 | D:10     | Reached skill level 10 in Stealth
 13297 | D:10     | Noticed Joseph
 13299 | D:10     | Found a glowing golden altar of the Shining One.
 13306 | D:10     | Killed Joseph
 13307 | D:10     | Reached XP level 14. HP: 95/108 MP: 22/28
 13643 | D:10     | Found a staircase to the Lair.
 13666 | D:10     | Offered knowledge of Conjure Ball Lightning by Vehumet.
 13675 | D:10     | Learned a level 4 spell: Dispel Undead
 13678 | D:10     | Learned a level 2 spell: Call Imp
 14035 | Lair:1   | Entered Level 1 of the Lair of Beasts
 14062 | Lair:2   | Found a transporter.
 14062 | Lair:2   | Found a transporter.
 14063 | Lair:2   | Found a staircase to the Snake Pit.
 14084 | Lair:2   | Reached skill level 10 in Invocations
 14702 | Lair:5   | Entered Level 5 of the Lair of Beasts
 15437 | Lair:5   | Offered knowledge of Plasma Beam by Vehumet.
 15662 | Lair:4   | Learned a level 6 spell: Plasma Beam
 16203 | Lair:5   | Reached skill level 10 in Fighting
 16203 | Lair:5   | Reached skill level 10 in Short Blades
 16203 | Lair:5   | Reached skill level 10 in Long Blades
 16203 | Lair:5   | Reached skill level 10 in Axes
 16203 | Lair:5   | Reached skill level 10 in Maces & Flails
 16203 | Lair:5   | Reached skill level 10 in Polearms
 16203 | Lair:5   | Reached skill level 10 in Staves
 16203 | Lair:5   | Reached skill level 10 in Ranged Weapons
 16203 | Lair:5   | Reached skill level 10 in Throwing
 16203 | Lair:5   | Reached skill level 10 in Armour
 16203 | Lair:5   | Reached skill level 10 in Shields
 16203 | Lair:5   | Reached skill level 10 in Unarmed Combat
 16203 | Lair:5   | Reached skill level 10 in Evocations
 16203 | Lair:5   | Reached XP level 15. HP: 84/115 MP: 7/30
 16297 | Lair:5   | Reached skill level 11 in Invocations
 16556 | Lair:5   | Got an earthy gem with 1179 turns to spare
 17546 | Lair:5   | Found a viscous altar of Jiyva.
 17546 | Lair:5   | Found a staircase to the Slime Pits.
 17625 | Lair:4   | Learned a level 3 spell: Frozen Ramparts
 17727 | Lair:4   | Lost the earthy gem through the power of Zot.
 18612 | Lair:3   | Offered knowledge of Lee's Rapid Deconstruction by Vehumet.
 18963 | Lair:3   | Found a staircase to the Swamp.
 21280 | Lair:1   | Noticed Sonja
 21282 | Lair:1   | Killed Sonja
 21612 | Orc:1    | Entered Level 1 of the Orcish Mines
 21822 | Orc:2    | Entered Level 2 of the Orcish Mines
 22172 | Orc:2    | Reached skill level 10 in Shapeshifting
 22172 | Orc:2    | Reached XP level 16. HP: 113/124 MP: 24/31
 22372 | Orc:1    | Found Koativug's Assorted Antiques.
 22716 | Orc:2    | Found a staircase to the Elven Halls.
 22807 | Orc:2    | Found Jemaunonwu's General Store.
 22809 | Orc:2    | Found Fususir's Distillery.
 22838 | Orc:2    | Bought a scroll of identify for 28 gold pieces
 22886 | Orc:2    | Reached skill level 12 in Invocations
 22888 | Orc:2    | Offered knowledge of Arcjolt by Vehumet.
 22893 | Orc:2    | Reached ****** piety under Vehumet
 23607 | Orc:2    | Found Cosoxt's Antique Weapon Shoppe.
 23607 | Orc:2    | Found Ihosid's Book Emporium.
 23607 | Orc:2    | Found a one-way gate leading to the halls of Pandemonium.
 23902 | Orc:2    | Learned a level 5 spell: Arcjolt
 24095 | D:11     | Found Pemmid's Book Boutique.
 24104 | D:11     | Bought Maxwell's Memoranda for 480 gold pieces
 24146 | D:11     | Noticed Grum
 24157 | D:11     | Killed Grum
 24305 | D:11     | Found a portal to a secret trove of treasure.
 24731 | D:12     | Found Funyp Pid's Assorted Antiques.
 24740 | D:12     | Noticed Fannar
 24849 | D:12     | Killed Fannar
 24911 | D:12     | Found Bioshugo's Jewellery Shoppe.
 24911 | D:12     | Found Hizxar's Armour Emporium.
 24915 | D:12     | Bought 2 scrolls of blinking for 540 gold pieces
 24915 | D:12     | Bought a scroll labelled MEKE YNICOAMA for 36 gold pieces
 25151 | D:12     | Found an iron altar of Okawaru.
 26023 | D:13     | Noticed Nessos
 26030 | D:13     | Killed Nessos
 26763 | D:14     | Killed Urug
 27092 | D:14     | Offered knowledge of Ozocubu's Refrigeration by Vehumet.
 27357 | D:14     | Reached XP level 17. HP: 127/133 MP: 30/33
 27647 | D:15     | Noticed Kirke
 27652 | D:15     | Killed Kirke
 27682 | D:15     | Reached skill level 10 in Hexes
 27682 | D:15     | Reached skill level 10 in Summonings
 27682 | D:15     | Reached skill level 10 in Necromancy
 27682 | D:15     | Reached skill level 10 in Translocations
 27682 | D:15     | Reached skill level 10 in Fire Magic
 27682 | D:15     | Reached skill level 10 in Ice Magic
 27682 | D:15     | Reached skill level 10 in Air Magic
 27682 | D:15     | Reached skill level 10 in Earth Magic
 27682 | D:15     | Reached skill level 10 in Alchemy
 28358 | D:15     | Reached skill level 13 in Invocations
 28975 | Swamp:1  | Entered Level 1 of the Swamp
 29179 | Swamp:1  | Killed from afar by a will-o-the-wisp

Illustrated notes

Levels and vault maps discovered:
D:1:      mainiacjoe_arrival_reflecting_pool, layout_loops_ring,
          shapermc_ecumenical_altar_gd, grunt_decor_mini_mirrors
D:2:      layout_loops_ring, serial_shops, nicolae_shop_back_alley_shop,
          uniq_terence
D:3:      layout_basic, mainiacjoe_overflow_catwalk
D:4:      layout_rooms, nicolae_gozag_cash_rules_everything_around_me,
          minmay_temple_entry_enclosed_plants, serial_shops,
          nicolae_shop_statue_plus
D:5:      layout_basic, jmf_multi_god_temple, enter_ossuary_3
D:6:      layout_basic, minmay_pentangle
D:7:      layout_loops_cross, mainiacjoe_overflow_boulevard,
          gammafunk_temple_overflow_elements, serial_shops,
          nicolae_shop_bloodbath_and_beyond, nicolae_take_the_stairs,
          minmay_misc_feat_cross, uniq_prince_ribbit1
D:8:      layout_loops_corners, enter_bailey_7,
          ploomutoo_gammafunk_ghost_potion_laboratory, serial_shops, shop,
          nicolae_transmutations_shop, serial_bayou_pond_e, minmay_orc_keep
D:9:      layout_loops_cross, mainiacjoe_overflow_alcove_4, xom_confusion_cloud,
          general_overflow_altar, ploomutoo_gammafunk_ghost_potion_laboratory,
          minivault_25
D:10:     layout_irregular_city, overflow_temple_1_default,
          due_lair_maze_entry_diamond, uniq_joseph
D:11:     layout_roguey, nicolae_trove_entry_crossroad, serial_shops,
          nicolae_shop_tiny_glass, mrwooster_statue_mirror,
          grunt_decor_one_mirror, minmay_puff, uniq_grum
D:12:     layout_irregular_city, nicolae_wooded_promenade, minmay_misc_feat_iff,
          okawaru_gym_becter, uniq_fannar
D:13:     layout_rooms, serial_rivers, chequers_serial_rivers_small_a,
          chequers_serial_rivers_marsh, chequers_serial_rivers_micro_e,
          chequers_serial_rivers_room_b, chequers_serial_rivers_micro_d,
          uniq_nessos
D:14:     layout_basic, david_vaults_3, lemuel_crystal_altar
D:15:     gammafunk_depths_entry_grave, layout_stronghold, serial_park_tiny_1,
          minmay_increasing_density, uniq_kirke
Temple:   minmay_freezing_vapour_temple
Lair:1:   layout_regular_city, chequers_serial_rivers_small_3, uniq_sonja
Lair:2:   gammafunk_boulding_lane, layout_chaotic_city,
          minmay_snake_entry_guardpost_small
Lair:3:   layout_gridlike, minmay_swamp_entry_worms, beast_lair_carwin_11,
          grunt_megastairs_5
Lair:4:   layout_big_grid, grunt_forest_stairs_basic, minivault_11,
          lemuel_fruit_fields
Lair:5:   grunt_lair_end_beastmaster, layout_misc_corridors,
          dpeg_slime_entry_enclosed, grunt_megastairs_4
Swamp:1:  cheibrodos_swamp_tower_of_moss, layout_basic_swamp,
          hangedman_swamp_cone, uniq_roxanne
Orc:1:    layout_caves, serial_shops, nicolae_shop_hallway_stairs, mines2_lemuel
Orc:2:    pf_orc_diabolical, layout_caves, hellmonk_guarded_unrand_dark_maul

Skill      XL: |  1  2  3  4  5  6  7  8  9 10 11 12 13 14 15 16 17 |
---------------+----------------------------------------------------+-----
Spellcasting   | 5 6 7 8 9 10 11 12 | 12.9
Invocations    | 1 2 3 4 5 7 8 9 10 11 12 13 | 13.0
Fighting       | 1 2 3 4 5 6 7 9 10 11 12 | 12.0
Short Blades   | 1 2 3 4 5 6 7 9 10 11 12 | 12.0
Long Blades    | 1 2 3 4 5 6 7 9 10 11 12 | 12.0
Axes           | 1 2 3 4 5 6 7 9 10 11 12 | 12.0
Maces & Flails | 1 2 3 4 5 6 7 9 10 11 12 | 12.0
Polearms       | 1 2 3 4 5 6 7 9 10 11 12 | 12.0
Staves         | 1 2 3 4 5 6 7 9 10 11 12 | 12.0
Ranged Weapons | 1 2 3 4 5 6 7 9 10 11 12 | 12.0
Throwing       | 1 2 3 4 5 6 7 9 10 11 12 | 12.0
Armour         | 1 2 3 4 5 6 7 9 10 11 12 | 12.0
Shields        | 1 2 3 4 5 6 7 9 10 11 12 | 12.0
Unarmed Combat | 1 2 3 4 5 6 7 9 10 11 12 | 12.0
Evocations     | 1 2 3 4 5 6 7 9 10 11 12 | 12.0
Shapeshifting  | 1 2 3 4 6 7 8 9 10 11 | 11.0
Hexes          | 1 2 3 4 5 6 7 8 9 10 | 10.1
Summonings     | 1 2 3 4 5 6 7 8 9 10 | 10.1
Necromancy     | 1 2 3 4 5 6 7 8 9 10 | 10.1
Translocations | 1 2 3 4 5 6 7 8 9 10 | 10.1
Fire Magic     | 1 2 3 4 5 6 7 8 9 10 | 10.1
Ice Magic      | 1 2 3 4 5 6 7 8 9 10 | 10.1
Air Magic      | 1 2 3 4 5 6 7 8 9 10 | 10.1
Earth Magic    | 1 2 3 4 5 6 7 8 9 10 | 10.1
Alchemy        | 1 2 3 4 5 6 7 8 9 10 | 10.1
Dodging        | 5 6 8 9 10 11 12 | 12.8
Stealth        | 5 6 8 9 10 11 12 | 12.7
Conjurations   | 8 9 10 11 12 | 12.3

Action                     |  1- 3 |  4- 6 |  7- 9 | 10-12 | 13-15 | 16-18 || total
---------------------------+-------+-------+-------+-------+-------+-------++-------
  Melee: Short sword       |     4 |    26 |       |       |       |       ||    30
         Punch             |     1 |     3 |     3 |       |       |       ||     7
         Spear             |       |    66 |   101 |       |       |       ||   167
         Bite              |       |    15 |    23 |     7 |    84 |    42 ||   171
         Trident           |       |       |    43 |    76 |   594 |   328 ||  1041
   Cast: Magic Dart        |    40 |    13 |    23 |     2 |     3 |       ||    81
         Searing Ray       |     3 |    20 |    44 |     3 |    10 |     1 ||    81
         Scorch            |       |       |    49 |    18 |   119 |    13 ||   199
         Kiss of Death     |       |       |     1 |       |     2 |     1 ||     4
         Fulminant Prism   |       |       |     4 |     5 |    11 |     1 ||    21
         Fugue of the Fall |       |       |     2 |       |     3 |       ||     5
         Sticky Flame      |       |       |     1 |    22 |   143 |    29 ||   195
         Ozocubu's Armour  |       |       |     1 |     2 |     4 |     8 ||    15
         Irradiate         |       |       |       |       |    37 |    12 ||    49
         Plasma Beam       |       |       |       |       |    55 |    87 ||   142
         Call Imp          |       |       |       |       |     5 |       ||     5
         Frozen Ramparts   |       |       |       |       |    11 |    30 ||    41
         Arcjolt           |       |       |       |       |       |    23 ||    23
         Dispel Undead     |       |       |       |       |       |    10 ||    10
  Evoke: Wand              |       |       |       |       |     2 |       ||     2
    Use: Scroll            |       |     5 |     5 |     1 |    19 |     4 ||    34
         Potion            |       |       |     1 |     5 |    13 |     1 ||    20
   Stab: Sleeping          |       |    11 |     2 |     1 |     8 |       ||    22
         Distracted        |       |       |       |       |     4 |     2 ||     6
 Armour: Robe              |     5 |    51 |   145 |    70 |   578 |   246 ||  1095
  Dodge: Dodged            |    10 |    79 |   159 |    74 |   775 |   300 ||  1397
  Block: Buckler           |       |       |    13 |    37 |   331 |   168 ||   549
